 Dungeon Crawl Stone Soup version 0.31-a0-1202-ga8fea8b373 (webtiles) character file.

Game seed: 9770757913821922684

2930 kae the Sneak (level 9, -4/60 (69) HPs)
             Began as a Demonspawn Enchanter on Dec 12, 2023.
             Was a Believer of Dithmenos.
             Slain by a wight
             ... wielding a +0 spear
              (10 damage)
             ... on level 7 of the Dungeon.
             The game lasted 00:07:41 (7605 turns).

kae the Sneak (Demonspawn Enchanter)                Turns: 7605, Time: 00:07:41

HP:   -4/60 (69)    AC:  4    Str:  9    XL:     9   Next: 50%
MP:   0/15          EV: 12    Int: 16    God:    Dithmenos [**....]
Gold: 1122          SH:  0    Dex: 17    Spells: 6/17 levels left

rFire   . . .        E - +1 dagger (heavy)
rCold   . . .        (no shield)
rNeg    . . .        b - +0 robe
rPois   .            (no helmet)
rElec   .            (no cloak)
rCorr   .            (no gloves)
SInv    +            (no boots)
Will    .....        G - amulet of guardian spirit
Stlth   ++++++       g - ring "Zips" {Fly Slay+5 Stlth+}
HPRegen 0.30/turn    v - ring of see invisible
MPRegen 0.14/turn

%: guardian spirit
@: confusing by touch, flying, wreathed by umbra, heavily drained
A: hooves 1, rugged brown scales 2, spiny 3
a: Renounce Religion, Shadow Step


You were on level 7 of the Dungeon.
You worshipped Dithmenos.
Dithmenos was pleased with you.
You visited 2 branches of the dungeon, and saw 8 of its levels.
You also visited: Ossuary.

You collected 1346 gold pieces.
You spent 224 gold pieces at shops.


Innate Abilities, Weirdness & Mutations

You have large cloven feet.
You are mostly covered in rugged brown scales. (AC +2, +5% HP)
You are completely covered in sharp spines.


   Skills:
 + Level 4.3 Fighting
 * Level 5.9 Short Blades
 - Level 1.7 Dodging
 * Level 6.9 Stealth
 + Level 4.5 Spellcasting
 + Level 5.3 Hexes
 - Level 5.0 Ice Magic


You had 6 spell levels left.
You knew the following spells:

 Your Spells              Type           Power      Damage    Failure   Level
a - Ensorcelled Hibernat  Hex/Ice        40%        N/A       3%          2
b - Confusing Touch       Hex            20%        N/A       5%          3
c - Tukima's Dance        Hex            20%        N/A       5%          3
d - Dazzling Flash        Conj/Hex       24%        N/A       16%         3

Your spell library contained the following spells:

 Spells                   Type           Power      Damage    Failure   Level
 Foxfire                  Conj/Fire      12%        2x1d4     16%         1
 Necrotise                Necr           12%        1d4       16%         1
 Vampiric Draining        Necr           3%         2d6       43%         3
 Agony                    Necr           3%         N/A       99%         5
 Plasma Beam              Fire/Air       1%         2x1d11    100%        6
 Starburst                Conj/Fire      1%         6d3       100%        6

Inventory:

Hand Weapons
 h - a +0 dagger of electrocution
   (You took it off an orc priest on level 4 of the Dungeon)
 s - a +1 dagger of speed
   (You took it off a goblin on level 2 of the Dungeon)
 E - a +1 heavy dagger (weapon)
Missiles
 d - 80 stones
 e - 4 curare-tipped darts {=f}
 t - 5 javelins
 K - a throwing net {=f!f}
Armour
 b - a +0 robe (worn)
Jewellery
 g - the ring "Zips" (left hand) {Fly Slay+5 Stlth+}
   (You acquired it on level 5 of the Dungeon)

   [ring of flight]

   Slay+5:    It affects your accuracy & damage with ranged weapons and melee
   (+5).
   Fly:       It grants you flight.
   Stlth+:    It makes you more stealthy.
 v - a ring of see invisible (right hand)
   (You found it on level 6 of the Dungeon)
 A - an amulet of the acrobat
   (You found it on level 6 of the Dungeon)
 F - a ring of fire
   (You took it off an orc on level 7 of the Dungeon)
 G - an amulet of guardian spirit (around neck)
   (You found it on level 4 of the Dungeon)
 L - a ring of flight
   (You found it on level 7 of the Dungeon)
Wands
 l - a wand of flame (13)
   (You took it off Blork the orc on level 4 of the Dungeon)
 q - a wand of polymorph (8)
   (You found it on level 5 of the Dungeon)
 H - a wand of mindburst (10)
   (You found it on level 7 of the Dungeon)
Scrolls
 o - a scroll of fear
 y - a scroll of amnesia
 D - 2 scrolls of teleportation {@r4}
 I - 3 scrolls of immolation {!r!r}
 J - a scroll of enchant weapon {unknown}
Potions
 a - a potion of haste {@q3}
 c - a potion of invisibility
 f - a potion of cancellation
 i - 2 potions of magic
 j - 2 potions of brilliance
 n - a potion of attraction {unknown}
 p - 2 potions of lignification {!q}
 r - a potion of resistance
 u - 3 potions of heal wounds {unknown}
 w - a potion of mutation {!q}
 x - 2 potions of ambrosia
 z - a potion of berserk rage {unknown}
 B - a potion of enlightenment
 C - 2 potions of might

Dungeon Overview and Level Annotations

Branches:
Dungeon (7/15) Zot: 26254  Temple (1/1) D:4 Zot: 5840 Ossuary (visited)

Altars:
Ashenzari
Cheibriados
Dithmenos
Fedhas
Gozag
Hepliaklqana
Kikubaaqudgha
Makhleb
Nemelex Xobeh
Okawaru
Qazlal
Ru
Sif Muna
Trog
Uskayaw
Vehumet
Wu Jian

Shops:
D:1 [   D:3 : D:6

? ## .# ..### .## ..... ..#
### ..... . ..# ####.#
##..z...# ..# ####....# #....
... ..# ##.......# ##..# ..
.#####........########.#.##.#
...))....)....).@.z..)))_...#
.######......########)[#.####
## ######## ##.).# #####


You could see a wight (corroded).


Message History

You closely miss the wight.
The wight hits you from afar with a +0 spear.
You feel drained.
The wight hits you with a +2 short sword of freezing!
You feel drained. The wight freezes you. 😮 HP[-17]
You now have 66 max hp (-3).
You take 17 damage, and now have 47/66 hp.
MASSIVE DAMAGE!! (PAUSE)
You hit the wight but do no damage. You kick the wight, but do no damage.
The wight hits you from afar with a +0 spear!
You feel drained.
The wight hits you with a +2 short sword of freezing.
The wight freezes you. 😮 HP[-12] MP[-1]
You now have 65 max hp (-1).
You take 12 damage, and now have 35/65 hp.
You lost 1 mp, and now have 5/15 mp.
Unknown command.
Casting: Confusing Touch (dangerous; 5% risk of failure)
Confirm with . or Enter, or press ? or * to list all spells.
Your hands begin to glow red.
The wight hits you from afar with a +0 spear.
* * * LOW HITPOINT WARNING * * *
You feel drained.
* * * LOW HITPOINT WARNING * * *
The wight is struck by your spines.
The wight hits you with a +2 short sword of freezing.
* * * LOW HITPOINT WARNING * * *
The wight freezes you.
* * * LOW HITPOINT WARNING * * *
The wight hits you from afar with a +0 spear.
* * * LOW HITPOINT WARNING * * *
You feel drained.
* * * LOW HITPOINT WARNING * * *
The wight is struck by your spines. The wight misses you. 😨 HP[-16] MP[-5]
You now have 61 max hp (-4).
You take 16 damage, and now have 19/61 hp.
MASSIVE DAMAGE!! (PAUSE)
You lost 5 mp, and now have 0/15 mp.
You hit the wight but do no damage. You kick the wight.
You destroy the wight!
Dithmenos accepts your kill. The wight misses you.
You now have 63 max hp (+2).
Unknown command.
The wight attacks as it pursues you!
The wight hits you from afar with a +0 spear!
* * * LOW HITPOINT WARNING * * *
You feel drained.
* * * LOW HITPOINT WARNING * * *
Your magical contamination has completely faded away.
Things that are here:
a +0 spear; a +0 robe; 😱 HP[-9]
You now have 62 max hp (-1).
You take 9 damage, and now have 10/62 hp.
Aiming: Corrosive Bolt
Press: ? - help, Shift-Dir - straight line, f - wight
Aim: a wight, wielding a +0 spear and wearing a +0 robe (chance to confuse on hit: 52%, umbra, 71% to hit)
The bolt of acid misses the wight.
The wight hits you from afar with a +0 spear!
* * * LOW HITPOINT WARNING * * *
You feel drained.
* * * LOW HITPOINT WARNING * * *
😱 HP[-9]
You now have 60 max hp (-2).
You take 9 damage, and now have 1/60 hp.
Unknown command.
You feel better.
The wight hits you from afar with a +0 spear.
* * * LOW HITPOINT WARNING * * *
😱 HP[+6]
You regained 6 hp, and now have 7/60 hp.
Aiming: Throw Flame
Press: ? - help, Shift-Dir - straight line, f/p - wight
Aim: a wight, wielding a +0 spear and wearing a +0 robe (chance to confuse on hit: 52%, umbra, 68% to hit)
Okay, then.
Unknown command.
Aiming: Corrosive Bolt
Press: ? - help, Shift-Dir - straight line, f/p - wight
Aim: a wight, wielding a +0 spear and wearing a +0 robe (chance to confuse on hit: 52%, umbra, 71% to hit)
The bolt of acid hits the wight!
The wight hits you from afar with a +0 spear.
* * * LOW HITPOINT WARNING * * *
😱 HP[-2]
You take 2 damage, and now have 5/60 hp.
Aiming: Corrosive Bolt
Press: ? - help, Shift-Dir - straight line, f/p - wight
Aim: a wight, wielding a +0 spear and wearing a +0 robe (heavily damaged, chance to confuse on hit: 52%, umbra, 71% to hit)
The bolt of acid hits the wight!
The acid corrodes the wight!
The now-empty wand crumbles to dust.
The wight completely misses you. 😱 HP[+1] MP[+1]
Aiming: Mindburst
Press: ? - help, Shift-Dir - straight line, f/p - wight
Aim: a wight, wielding a +0 spear and wearing a +0 robe (almost destroyed, covered in acid, chance to confuse on hit: 52%, umbra, chance to affect: 64%)
The wight struggles to resist.
The wight hits you from afar with a +0 spear!
You die...

Skill      XL: |  1  2  3  4  5  6  7  8 |
---------------+-------------------------+-----
Short Blades   | 1 2 3 4 5 |  5.9
Stealth        | 3 4 5 6 |  6.9
Ice Magic      | 1 2 3 5 |  5.0
Fighting       | 1 2 4 |  4.3
Spellcasting   | 3 4 |  4.5
Hexes          | 4 5 |  5.3
Dodging        | |  1.7

Action                     |  1- 3 |  4- 6 |  7- 9 || total
---------------------------+-------+-------+-------++-------
  Melee: Dagger            |   136 |    60 |   127 ||   323
         Punch             |       |       |     2 ||     2
         Kick              |       |       |    11 ||    11
   Cast: Ensorcelled Hiber |    15 |    11 |    15 ||    41
         Confusing Touch   |       |     2 |     9 ||    11
  Evoke: Wand              |       |       |     4 ||     4
    Use: Scroll            |     3 |     4 |    18 ||    25
         Potion            |       |       |     2 ||     2
   Stab: Sleeping          |    15 |    14 |    29 ||    58
         Confused          |       |     1 |     2 ||     3
         Invisible         |       |       |     2 ||     2
         Distracted        |       |       |     1 ||     1
 Armour: Robe              |    76 |    44 |    74 ||   194
  Dodge: Dodged            |    89 |    53 |    56 ||   198

Levels and vault maps discovered:
D:1:      amcnicky_arrival_single_pillar, layout_rooms, serial_shops,
          nicolae_shop_tiny_glass, amcnicky_mini_rare_corridor_liquid,
          chequers_serial_rivers_room_a, chequers_serial_rivers_small_b
D:2:      layout_loops_corners, basic_altar, kennysheep_generic_room_11,
          uniq_robin
D:3:      layout_loops_corners, makhleb_altar_promises_db, serial_shops,
          nicolae_shop_crystal, nicolae_figureground_pulse
D:4:      layout_gridville, dreamdust_divine_triumvirate,
          minmay_temple_entry_trees, uniq_blork_the_orc
D:5:      layout_basic, nicolae_qazlal_general_emergency,
          nicolae_hepliaklqana_ecumenical_no_more,
          mainiacjoe_overflow_small_starburst
D:6:      layout_basic, mainiacjoe_overflow_tiny_flanked,
          nicolae_ossuary_entry_giza, serial_shops,
          nicolae_shop_real_fake_doors, chequers_mini_garden, minivault_23
D:7:      layout_cave_pods, tgw_xom, lemuel_crystal_altar
Temple:   grunt_temple_mini_profane

Notes
Turn   | Place    | Note
-------+----------+-------------------------------------------
     0 | D:1      | kae the Demonspawn Enchanter began the quest for the Orb.
     0 | D:1      | Reached XP level 1. HP: 13/13 MP: 3/3
     0 | D:1      | magus.rc [v1.11.3]
    38 | D:1      | Found Riuschi's Antique Armour Shop.
   169 | D:1      | Reached skill level 1 in Short Blades
   274 | D:1      | Gained mutation: You are partially covered in rugged brown
                  | scales. (AC +1, +3% HP) [demonic ancestry]
   274 | D:1      | Reached XP level 2. HP: 13/19 MP: 5/5
   277 | D:1      | Learned a level 2 spell: Ensorcelled Hibernation
   634 | D:2      | Reached skill level 3 in Stealth
   671 | D:2      | Found a sacrificial altar of Ru.
  1072 | D:2      | Noticed Robin
  1186 | D:2      | Reached XP level 3. HP: 21/25 MP: 1/6
  1249 | D:2      | HP: 6/25 [goblin/+0 club[Robin] (4)]
  1829 | D:3      | Found Eloopuni's Book Emporium.
  2032 | D:3      | Reached skill level 1 in Ice Magic
  2047 | D:3      | Gained mutation: You are partially covered in sharp spines.
                  | [demonic ancestry]
  2047 | D:3      | Reached XP level 4. HP: 21/31 MP: 4/7
  2272 | D:3      | Reached skill level 1 in Fighting
  2357 | D:3      | Reached skill level 2 in Short Blades
  2416 | D:3      | Found a burning altar of Makhleb.
  2419 | D:3      | Noticed a green death
  3076 | D:4      | Gained mutation: You are mostly covered in sharp spines.
                  | [demonic ancestry]
  3076 | D:4      | Reached XP level 5. HP: 27/38 MP: 3/8
  3148 | D:4      | Reached skill level 2 in Ice Magic
  3182 | D:4      | Gained mutation: You are mostly covered in rugged brown
                  | scales. (AC +2, +5% HP) [demonic ancestry]
  3182 | D:4      | Reached XP level 6. HP: 26/45 MP: 6/9
  3272 | D:4      | Reached skill level 4 in Stealth
  3394 | D:4      | You pick up a book of Fire and begin reading...
  3394 | D:4      | You add the spells Foxfire, Plasma Beam and Starburst to
                  | your library.
  3430 | D:4      | Noticed Blork the orc
  3438 | D:4      | Killed Blork the orc
  3439 | D:4      | Reached skill level 3 in Short Blades
  3470 | D:3      | Learned a level 3 spell: Confusing Touch
  3474 | D:3      | Learned a level 3 spell: Tukima's Dance
  3528 | D:3      | Reached skill level 2 in Fighting
  3624 | D:4      | Gained mutation: You are completely covered in sharp
                  | spines. [demonic ancestry]
  3624 | D:4      | Reached XP level 7. HP: 52/52 MP: 8/11
  3766 | D:4      | Found a staircase to the Ecumenical Temple.
  3822 | Temple   | Entered the Ecumenical Temple
  3838 | Temple   | Became a worshipper of Dithmenos the Shadowed
  3878 | D:4      | HP: 8/46 [wight/+1 vampiric scimitar (10)]
  4044 | D:4      | Reached skill level 3 in Spellcasting
  4289 | D:5      | Entered Level 5 of the Dungeon
  4291 | D:5      | Reached skill level 4 in Hexes
  4291 | D:5      | Reached skill level 3 in Ice Magic
  4419 | D:5      | Found a stormy altar of Qazlal.
  4775 | D:5      | Found a faded altar of an unknown god.
  4775 | D:5      | Found a faded altar of an unknown god.
  4775 | D:5      | Found a hazy altar of Hepliaklqana.
  5132 | D:5      | Found a blossoming altar of Fedhas.
  5312 | D:2      | Killed Robin
  5423 | D:5      | Learned a level 3 spell: Dazzling Flash
  5425 | D:5      | Identified a scroll of acquirement
  5425 | D:5      | Acquired the ring "Zips" {Fly Slay+5 Stlth+}
  5458 | D:6      | Reached skill level 5 in Stealth
  5468 | D:6      | Reached skill level 4 in Short Blades
  5468 | D:6      | Reached XP level 8. HP: 59/59 MP: 9/13
  5478 | D:6      | Found a sparkling altar of Nemelex Xobeh.
  5566 | D:6      | Found a sand-covered staircase.
  5574 | Ossuary  | Entered an ossuary
  5629 | Ossuary  | Reached skill level 3 in Fighting
  5644 | Ossuary  | Reached * piety under Dithmenos
  5661 | Ossuary  | Reached skill level 4 in Ice Magic
  5829 | D:6      | Acquired 714 gold pieces
  6289 | D:6      | Found Ygexiof's Magic Scroll Boutique.
  6292 | D:6      | Bought a scroll of identify for 28 gold pieces
  6292 | D:6      | Bought a scroll of identify for 28 gold pieces
  6292 | D:6      | Bought a scroll of identify for 28 gold pieces
  6292 | D:6      | Bought a scroll of identify for 28 gold pieces
  6293 | D:6      | Bought a scroll of identify for 28 gold pieces
  6293 | D:6      | Bought a scroll of identify for 28 gold pieces
  6293 | D:6      | Bought a scroll of identify for 28 gold pieces
  6293 | D:6      | Bought a scroll of identify for 28 gold pieces
  6365 | D:6      | You pick up a book of Necromancy and begin reading...
  6365 | D:6      | You add the spells Necrotise, Vampiric Draining and Agony
                  | to your library.
  6869 | D:7      | Reached skill level 6 in Stealth
  7011 | D:7      | Noticed a two-headed ogre
  7018 | D:7      | Killed a two-headed ogre
  7019 | D:7      | Reached skill level 4 in Fighting
  7019 | D:7      | Reached skill level 5 in Short Blades
  7019 | D:7      | Reached skill level 4 in Spellcasting
  7019 | D:7      | Reached skill level 5 in Hexes
  7019 | D:7      | Reached skill level 5 in Ice Magic
  7019 | D:7      | Gained mutation: You have large cloven feet. [demonic
                  | ancestry]
  7019 | D:7      | Reached XP level 9. HP: 49/68 MP: 6/15
  7322 | D:7      | Found a snail-covered altar of Cheibriados.
  7368 | D:7      | Reached ** piety under Dithmenos
  7600 | D:7      | HP: 12/63 [wight/+0 spear (7)]
  7601 | D:7      | HP: 2/62 [wight/+0 spear (9)]
  7605 | D:7      | Slain by a wight

Vanquished Creatures
  A two-headed ogre (D:7)
  A steam dragon (D:7)
  A water moccasin (D:5)
  2 ice beasts (D:6)
  2 black bears
  2 ogres
  A phantom (D:6)
  Blork the orc (D:4)
  A kobold brigand (D:7)
  2 bullfrogs
  5 scorpions
  8 wights
  A howler monkey (D:4)
  A hound (D:6)
  An orc priest (D:4)
  A gnoll bouda (D:7)
  3 iguanas
  An orc wizard (D:4)
  9 mummies
  Robin (D:2)
  4 gnolls (D:7)
  6 adders
  A worm (D:2)
  11 orcs
  5 ball pythons
  4 bats
  10 endoplasms
  4 giant cockroaches
  A gnoll zombie (Ossuary)
  20 goblins
  6 hobgoblins
  8 jackals (D:4)
  2 quokkas (D:3)
  3 frilled lizards
  A goblin zombie (D:6)
  3 hobgoblin zombies (Ossuary)
  8 kobolds
  A kobold zombie (Ossuary)
  4 orc zombies
  4 rats
151 creatures vanquished.

Table legend:
 A = Non-vault XP
 B = Vault XP
 C = Vault XP percentage of total XP
 D = Non-vault monster count
 E = Vault monster count
 F = Vault count percentage of total count
                 A         B        C        D         E       F
            +---------+---------+-------+---------+---------+-------
      Total |    3871 |     316 |   7.5 |     118 |      33 |  21.9
            +---------+---------+-------+---------+---------+-------
        D:1 |      18 |       3 |  14.3 |      11 |       2 |  15.4
        D:2 |      43 |      34 |  44.2 |      16 |      11 |  40.7
        D:3 |     147 |       0 |   0.0 |      22 |       0 |   0.0
        D:4 |     520 |     100 |  16.1 |      26 |       1 |   3.7
        D:5 |     394 |       0 |   0.0 |       4 |       0 |   0.0
        D:6 |     956 |      20 |   2.0 |      13 |       3 |  18.8
        D:7 |    1793 |       0 |   0.0 |      26 |       0 |   0.0
    Ossuary |       0 |     159 | 100.0 |       0 |      16 | 100.0
            +---------+---------+-------+---------+---------+-------

Skill      XL: |  1  2  3  4  5  6  7  8 |
---------------+-------------------------+-----
Short Blades   | 1 2 3 4 5 |  5.9
Stealth        | 3 4 5 6 |  6.9
Ice Magic      | 1 2 3 5 |  5.0
Fighting       | 1 2 4 |  4.3
Spellcasting   | 3 4 |  4.5
Hexes          | 4 5 |  5.3
Dodging        | |  1.7

Action                     |  1- 3 |  4- 6 |  7- 9 || total
---------------------------+-------+-------+-------++-------
  Melee: Dagger            |   136 |    60 |   127 ||   323
         Punch             |       |       |     2 ||     2
         Kick              |       |       |    11 ||    11
   Cast: Ensorcelled Hiber |    15 |    11 |    15 ||    41
         Confusing Touch   |       |     2 |     9 ||    11
  Evoke: Wand              |       |       |     4 ||     4
    Use: Scroll            |     3 |     4 |    18 ||    25
         Potion            |       |       |     2 ||     2
   Stab: Sleeping          |    15 |    14 |    29 ||    58
         Confused          |       |     1 |     2 ||     3
         Invisible         |       |       |     2 ||     2
         Distracted        |       |       |     1 ||     1
 Armour: Robe              |    76 |    44 |    74 ||   194
  Dodge: Dodged            |    89 |    53 |    56 ||   198

Illustrated notes

Table legend:
 A = Kills in this place as a percentage of kills in the entire game.
 B = Kills by you in this place as a percentage of kills by you in the entire game.
 C = Kills by friends in this place as a percentage of kills by friends in the entire game.
 D = Other kills in this place as a percentage of other kills in the entire game.
 E = Experience gained in this place as a percentage of experience gained in the entire game.
 F = Experience gained in this place divided by the number of levels of this place that you have seen.
                   A       B       C       D       E      F
               +-------+-------+-------+-------+-------+----------------------
         Total | 100.0 | 100.0 |   N/A |   N/A | 100.0 | 465.2
       Dungeon |  89.4 |  89.4 |   N/A |   N/A |  96.2 | 575.4
       Ossuary |  10.6 |  10.6 |   N/A |   N/A |   3.8 | 159.0
               +-------+-------+-------+-------+-------+----------------------

Table legend: (Time is in decaauts)
 A = Elapsed time spent in this place.
 B = Non-inter-level travel time spent in this place.
 C = Inter-level travel time spent in this place.
 D = Time resting spent in this place.
 E = Time spent auto-exploring this place.
 F = Levels seen in this place.
 G = Mean time per level.
                   A        B        C        D        E       F      G
               +--------+--------+--------+--------+--------+-----+--------+
         Total |   7653 |   7250 |    403 |    323 |   5477 |   9 |  850.3 |
       Dungeon |   7235 |   6862 |    373 |    294 |   5280 |   7 | 1033.6 |
        Temple |    159 |    130 |     29 |     26 |    100 |   1 |  159.0 |
       Ossuary |    258 |    258 |      0 |      3 |     97 |   1 |  258.0 |
               +--------+--------+--------+--------+--------+-----+--------+

Top non-repeatable levels by time:
     D:3: 1297 daAuts
     D:4: 1237 daAuts
     D:6: 1172 daAuts
     D:2: 1150 daAuts
     D:5: 976 daAuts
     D:7: 745 daAuts
     D:1: 656 daAuts
 Ossuary: 258 daAuts
  Temple: 159 daAuts
